 Dungeon Crawl Stone Soup version 0.26-a0-757-g626ac9e51a (webtiles) character file.

Game seed: 5516285285961765456

1245 mg7810 the Magician (level 8, 0/36 HPs)
             Began as a Felid Ice Elementalist on Nov 7, 2020.
             Was a Believer of Dithmenos.
             Slain by Harold
             ... wielding a +0 glaive of protection
              (15 damage)
             ... on level 8 of the Dungeon.
             The game lasted 00:39:08 (10191 turns).

mg7810 the Magician (Felid Ice Elementalist)       Turns: 10191, Time: 00:39:08

Health: 0/36       AC:  2    Str:  4    XL:     8   Next: 25%
Magic:  2/18       EV: 19    Int: 20    God:    Dithmenos [**....]
Gold:   443        SH:  0    Dex: 16    Spells: 7/20 levels left
                                        Lives:  0   Deaths: 2

rFire    . . .     SeeInvis +     - Unarmed
rCold    . . .     Faith    .   (shield unavailable)
rNeg     . . .     Spirit   .   (armour unavailable)
rPois    .         Reflect  .   (helmet unavailable)
rElec    .         Harm     .   (cloak unavailable)
rCorr    .         Rampage  .   (gloves unavailable)
MR       ++...                  (boots unavailable)
Stlth    ++++......             (no amulet)
HPRegen  0.12/turn              k - ring of see invisible
MPRegen  0.16/turn              i - ring of protection from magic

@: very slightly contaminated, wreathed by umbra, quick
A: very small, no armour, no weapons or thrown items, stealth, claws 1, fangs 3,
see invisible, speed 1, shaggy fur 2, sharp paws
a: Shadow Step, Renounce Religion


You were on level 8 of the Dungeon.
You worshipped Dithmenos.
Dithmenos was pleased with you.
You visited 1 branch of the dungeon, and saw 8 of its levels.

You collected 443 gold pieces.

Inventory:

Jewellery
 i - a ring of protection from magic (right paw)
 k - a ring of see invisible (left paw)
Scrolls
 d - 2 scrolls of fear
 e - a scroll of amnesia
 g - a scroll of noise {unknown}
 h - a scroll of enchant weapon {unknown}
 p - a scroll of teleportation {unknown}
 q - a scroll of immolation {unknown}
 s - a scroll of remove curse {unknown}
 t - a scroll of magic mapping {unknown}
Potions
 a - a potion of lignification {unknown}
 b - 3 potions of might
 c - 2 potions of cancellation {unknown}
 f - 3 potions of flight
 j - a potion of degeneration
 l - 4 potions of mutation {unknown}
 m - 2 potions of magic
 n - 2 potions of berserk rage {unknown}
 o - a potion of ambrosia {unknown}
 r - a potion of haste {unknown}


   Skills:
 * Level 4.5 Fighting
 + Level 4.0 Dodging
 + Level 5.0 Stealth
 * Level 3.8 Unarmed Combat
 + Level 6.5 Spellcasting
 + Level 3.5 Conjurations
 * Level 2.1 Summonings
 + Level 6.3 Ice Magic
 * Level 3.4 Invocations


You had 7 spell levels left.
You knew the following spells:

 Your Spells              Type           Power        Failure   Level
a - Searing Ray           Conj           ###...       3%          2
b - Frozen Ramparts       Ice            ####..       2%          3
d - Hailstorm             Conj/Ice       ####....     13%         4
e - Summon Ice Beast      Ice/Summ       ###.....     17%         4

Your spell library contained the following spells:

 Spells                   Type           Power        Failure   Level
 Freeze                   Ice            ####         1%          1
 Magic Dart               Conj           ###.         2%          1
 Ozocubu's Armour         Ice            ####....     2%          3
 Dazzling Flash           Conj/Hex       ##....       14%         3
 Fulminant Prism          Conj/Hex       ##........   43%         4
 Iskenderun's Mystic Bla  Conj/Tloc      ##......     43%         4


Dungeon Overview and Level Annotations

Branches:
Dungeon (8/15)             Temple (0/1) D:7
   Lair: D:8-11

Altars:
Cheibriados
Dithmenos
Hepliaklqana
Okawaru
Ru
Trog
Xom
The Shining One

Annotations:
D:8 Harold


Innate Abilities, Weirdness & Mutations

You cannot wear armour.
You are incapable of wielding weapons or throwing items.
Your paws allow you to move quietly. (Stealth)
You have sharp claws.
You have razor-sharp teeth.
You have supernaturally acute eyesight. (SInv)
You cover ground quickly.
You are covered in thick fur. (AC +2)
Your sharp claws are effective at attacking unaware monsters.


Message History

A chill wind blows around you.
The wall freezes Harold!
The wall freezes Harold!
The wall freezes Harold!
Your ice beast hits Harold but does no damage.
Your ice beast hits Harold but does no damage.
The frozen ramparts melt away.
Your ice beast hits Harold but does no damage.
Casting: Summon Ice Beast (quite dangerous; 17% risk of failure)
Confirm with . or Enter, or press ? or * to list all spells.
The spell is quite dangerous to cast (17% risk of failure)!
Continue anyway?
You miscast Summon Ice Beast.
You are very lightly contaminated with residual magic.
Nothing appears to happen.
Casting: Summon Ice Beast (quite dangerous; 17% risk of failure)
Confirm with . or Enter, or press ? or * to list all spells.
The spell is quite dangerous to cast (17% risk of failure)!
Continue anyway?
A chill wind blows around you.
Your ice beast hits Harold but does no damage.
Harold hits you from afar with a +0 glaive of protection!
You die...

#####.....##
##.##....##
........####
...........#
...........##
............##
...##..##....#####
..###.###........#
...[..#...(..Y@Y@#
#####....#......##
≈≈≈..#...#....###
...≈..#.(#......#
._.≈...#..........
...≈..#............
≈≈≈..#......#......
##### ......#......
.....


You could see Harold and 2 friendly ice beasts.

Vanquished Creatures
  Pikel (D:5)
  Sigmund (D:3)
  Menkaure (D:5)
  Duvessa (D:4)
  An ice beast (D:5)
  An ogre (D:5)
  2 centaurs
  A lemure (D:5)
  2 bullfrogs
  Dowan (D:4)
  9 wights (D:7)
  A howler monkey (D:4)
  2 hounds
  A quasit (D:8)
  5 orc priests
  3 centaur skeletons
  2 jellies
  6 orc wizards
  3 bullfrog skeletons
  An iguana (D:8)
  7 worker ants
  A worker ant zombie (D:5)
  3 gnolls (D:5)
  7 adders
  2 white imps
  An ufetubus (D:6)
  An ooze (D:4)
  An adder zombie (D:6)
  8 worms
  5 dart slugs
  3 leopard geckos
  16 orcs
  4 ball pythons
  11 giant cockroaches
  8 goblins
  9 hobgoblins
  11 jackals
  7 quokkas
  7 bats
  3 frilled lizards
  A jackal skeleton (D:4)
  8 kobolds
  7 rats
176 creatures vanquished.

Notes
Turn   | Place    | Note
-------+----------+-------------------------------------------
     0 | D:1      | mg7810 the Felid Ice Elementalist began the quest for the
                  | Orb.
     0 | D:1      | Reached XP level 1. HP: 7/7 MP: 4/4
   349 | D:1      | Reached XP level 2. HP: 11/11 MP: 0/6
   870 | D:1      | Reached skill level 1 in Unarmed Combat
  1103 | D:1      | Reached XP level 3. HP: 14/14 MP: 5/7
  1108 | D:1      | Learned a level 3 spell: Frozen Ramparts
  1875 | D:2      | Reached XP level 4. HP: 14/18 MP: 5/9
  1944 | D:2      | Learned a level 3 spell: Ozocubu's Armour
  1965 | D:2      | Reached skill level 1 in Fighting
  3062 | D:3      | Noticed Sigmund
  3086 | D:3      | Killed Sigmund
  3086 | D:3      | Reached XP level 5. HP: 22/22 MP: 4/11
  3086 | D:3      | Gained mutation: You are covered in thick fur. (AC +2)
                  | [Felid growth]
  3086 | D:3      | Reached XP level 6. HP: 26/26 MP: 4/12
  3129 | D:3      | Learned a level 4 spell: Hailstorm
  3591 | D:3      | Reached skill level 1 in Conjurations
  4203 | D:3      | Found a shadowy altar of Dithmenos.
  4448 | D:3      | Became a worshipper of Dithmenos the Shadowed
  4570 | D:4      | Noticed an ice beast
  4572 | D:4      | Noticed Dowan
  4574 | D:4      | Noticed Duvessa
  4876 | D:4      | Reached XP level 7. HP: 21/30 MP: 7/14
  5420 | D:4      | Reached skill level 1 in Invocations
  5588 | D:4      | Killed Dowan
  5588 | D:4      | Reached skill level 5 in Ice Magic
  5869 | D:4      | Slain by Duvessa
  5870 | D:4      | Reached XP level 6. HP: -1/27 MP: 6/13
  5907 | D:4      | Killed Duvessa
  5907 | D:4      | Reached XP level 7. HP: 30/30 MP: 9/14
  6022 | D:5      | Entered Level 5 of the Dungeon
  6078 | D:5      | Noticed Pikel
  6118 | D:5      | Killed Pikel
  6118 | D:5      | Reached skill level 5 in Spellcasting
  6312 | D:5      | Noticed Menkaure
  6349 | D:5      | Learned a level 2 spell: Searing Ray
  6407 | D:5      | Killed Menkaure
  6407 | D:5      | Reached XP level 8. HP: 19/34 MP: 7/16
  6413 | D:5      | Learned a level 4 spell: Summon Ice Beast
  6797 | D:5      | Reached * piety under Dithmenos
  7558 | D:6      | Reached skill level 1 in Summonings
  7881 | D:6      | Found a bloodstained altar of Trog.
  7881 | D:6      | Found a glowing golden altar of the Shining One.
  8356 | D:7      | Found a shimmering altar of Xom.
  8458 | D:7      | Found a hazy altar of Hepliaklqana.
  8888 | D:7      | Found a staircase to the Ecumenical Temple.
  9015 | D:7      | Reached ** piety under Dithmenos
  9064 | D:7      | Reached XP level 9. HP: 39/39 MP: 8/19
  9315 | D:7      | Found an iron altar of Okawaru.
  9449 | D:7      | Found a snail-covered altar of Cheibriados.
  9855 | D:7      | Reached skill level 5 in Stealth
 10120 | D:8      | Noticed Harold
 10129 | D:8      | Noticed a cyclops
 10129 | D:8      | Slain by Harold
 10130 | D:8      | Reached XP level 8. HP: -3/36 MP: 2/18
 10171 | D:8      | Found a sacrificial altar of Ru.
 10191 | D:8      | Slain by Harold

Illustrated notes

Levels and vault maps discovered:
D:1:      psy_arrival_radial02, layout_basic
D:2:      layout_basic
D:3:      layout_basic, lemuel_crystal_altar, uniq_sigmund
D:4:      layout_basic, uniq_duvessa
D:5:      layout_basic, uniq_pikel, uniq_menkaure
D:6:      layout_loops_ring, gammafunk_temple_overflow_elements
D:7:      layout_loops_corners, kennysheep_little_box,
          nicolae_overflow_hidden_temple, marbit_many_paths,
          lemuel_doored_altar, minmay_temple_entry_hall
D:8:      layout_cave_pools, nicolae_ru_awakened_eye, tgw_sif, uniq_harold

Skill      XL: |  1  2  3  4  5  6  7  8  9 |
---------------+----------------------------+-----
Stealth        | 3 4 5 |  5.0
Unarmed Combat | 1 2 3 |  3.8
Ice Magic      | 4 5 6 |  6.3
Spellcasting   | 3 4 5 6 |  6.5
Fighting       | 1 2 3 4 |  4.5
Conjurations   | 2 3 |  3.5
Dodging        | 3 4 |  4.0
Invocations    | 2 1 3 |  3.4
Summonings     | 1 2 |  2.1

Action                   |  1- 3 |  4- 6 |  7- 9 || total
-------------------------+-------+-------+-------++-------
Melee: Unarmed           |    11 |    39 |    27 ||    77
       Punch             |       |     2 |     3 ||     5
       Bite              |       |       |     3 ||     3
 Cast: Freeze            |    60 |    18 |       ||    78
       Frozen Ramparts   |     2 |    22 |    45 ||    69
       Ozocubu's Armour  |       |     1 |     2 ||     3
       Searing Ray       |       |       |    40 ||    40
       Summon Ice Beast  |       |       |     4 ||     4
  Use: Scroll            |     2 |     1 |     4 ||     7
       Potion            |       |       |     2 ||     2
 Stab: Sleeping          |       |     6 |       ||     6
Armor: Skin              |     5 |     8 |     1 ||    14
Dodge: Dodged            |    62 |    41 |    72 ||   175

Table legend: (Time is in decaauts)
 A = Elapsed time spent in this place.
 B = Non-inter-level travel time spent in this place.
 C = Inter-level travel time spent in this place.
 D = Time resting spent in this place.
 E = Time spent auto-exploring this place.
 F = Levels seen in this place.
 G = Mean time per level.
                   A        B        C        D        E       F      G
               +--------+--------+--------+--------+--------+-----+--------+
         Total |   9054 |   8919 |    135 |      0 |   7240 |   8 | 1131.8 |
       Dungeon |   9054 |   8919 |    135 |      0 |   7240 |   8 | 1131.8 |
               +--------+--------+--------+--------+--------+-----+--------+

Top non-repeatable levels by time:
     D:7: 1512 daAuts
     D:2: 1425 daAuts
     D:4: 1375 daAuts
     D:1: 1302 daAuts
     D:3: 1252 daAuts
     D:5: 1230 daAuts
     D:6: 822 daAuts
     D:8: 133 daAuts
